 Dungeon Crawl Stone Soup version 0.30-a0-778-g2ef04afb54 (webtiles) character file.

Game seed: 18014768609831934586

117 Zonian the Sneak (level 5, 0/27 HPs)
             Began as a Vine Stalker Brigand on Feb 17, 2023.
             Slain by a water moccasin (5 damage)
             ... on level 4 of the Dungeon.
             The game lasted 00:03:44 (2259 turns).

Zonian the Sneak (Vine Stalker Brigand)             Turns: 2259, Time: 00:03:46

Health: 0/27       AC:  3    Str: 14    XL:     5   Next: 1%
Magic:  0/6        EV: 12    Int: 11    God:
Gold:   148        SH:  5    Dex: 17    Spells: 4/4 levels left

rFire   . . .      SeeInvis .    m - +4 dagger "Poarhium" {pain, Contam rC+ rN+ Stlth+}
rCold   + . .      Faith    .    (no shield)
rNeg    + . .      Spirit   +    b - +0 robe
rPois   .          Reflect  +    (no helmet)
rElec   .          Harm     .    c - +0 cloak
rCorr   .          Rampage  .    (no gloves)
Will    .....                    (no boots)
Stlth   ++++                     k - amulet of reflection
HPRegen 1.04/turn                (no ring)
MPRegen 0.10/turn                (no ring)

@: lethally poisoned (0 -> 0)
A: fangs 2, regeneration 1, magic shield, antimagic bite, no potion heal 2
a: no special abilities


You were on level 4 of the Dungeon.
You visited 1 branch of the dungeon, and saw 4 of its levels.

You collected 148 gold pieces.

Inventory:

Hand Weapons
 a - a +2 dagger
 l - a +2 dagger of venom
 m - the +4 dagger "Poarhium" (weapon) {pain, Contam rC+ rN+ Stlth+}
   (You found it on level 2 of the Dungeon)

   rC:        It protects you from cold.
   rN:        It protects you from negative energy.
   Contam:    It causes magical contamination when unequipped.
   Stlth:     It makes you more stealthy.
Missiles
 d - 9 poisoned darts (quivered)
 e - 3 curare-tipped darts
 g - 3 atropa-tipped darts
Armour
 b - a +0 robe (worn)
 c - a +0 cloak (worn)
Jewellery
 k - an amulet of reflection (around neck)
Scrolls
 i - a scroll of fog {unknown}
 p - a scroll of poison {unknown}
 q - a scroll of amnesia {unknown}
 r - a scroll of identify {unknown}
 s - a scroll of fear {unknown}
Potions
 f - a potion of mutation {unknown}
 h - 2 potions of magic {unknown}
 j - 2 potions of berserk rage {unknown}
 n - a potion of flight {unknown}
 o - a potion of degeneration {unknown}


   Skills:
 + Level 2.4 Fighting
 + Level 2.4 Short Blades
 + Level 2.4 Throwing
 + Level 1.6 Dodging
 + Level 5.4 Stealth
 + Level 1.2 Necromancy


You had 4 spell levels left.
You didn't know any spells.
Your spell library contained the following spells:

 Spells                   Type           Power      Damage    Failure   Level
 Freeze                   Ice            0%         1d3       34%         1
 Lesser Beckoning         Tloc           0%         N/A       47%         2
 Frozen Ramparts          Ice            0%         1d1       71%         3
 Gell's Gravitas          Tloc           0%         N/A       71%         3
 Hailstorm                Conj/Ice       0%         3d3       71%         3
 Teleport Other           Tloc           0%         N/A       71%         3
 Vhi's Electric Charge    Tloc/Air       0%         N/A       71%         3
 Arcjolt                  Conj/Air       0%         1d10      100%        5
 Maxwell's Capacitive Co  Air            0%         ∞         100%        8


Dungeon Overview and Level Annotations

Branches:
Dungeon (4/15)
 Temple: D:4-7

Altars:
Xom
Yredelemnul


Innate Abilities, Weirdness & Mutations

You have extremely sharp teeth.
Your natural rate of healing is unusually fast.
When hurt, damage is shared between your health and your magic reserves.
Your bite disrupts and absorbs the magic of your enemies.
Potions cannot restore your health.


Message History

You kill the endoplasm!
Unknown command.
Found a dagger.
A water moccasin comes into view.
Found a rapier and a scroll labelled DITUAL YWIYCE.
The water moccasin completely misses you.
Unknown command.
You hit the water moccasin.
You bite the water moccasin, but do no damage.
The water moccasin is lightly wounded.
The water moccasin closely misses you.
You closely miss the water moccasin.
The water moccasin is lightly wounded.
The water moccasin completely misses you.
You hit the water moccasin. Your bite misses the water moccasin.
The water moccasin is moderately wounded.
The water moccasin barely misses you.
You hit the water moccasin. Your bite misses the water moccasin.
The water moccasin is moderately wounded.
The water moccasin bites you.
You closely miss the water moccasin. You bite the water moccasin.
You drain its power.
You feel invigorated.
The water moccasin is moderately wounded.
The water moccasin bites you.
You hit the water moccasin.
The water moccasin is heavily wounded.
The water moccasin bites you!
You are poisoned.
The water moccasin poisons you!
A hobgoblin comes into view.
The water moccasin bites you!
* * * LOW HITPOINT WARNING * * *
You closely miss the water moccasin.
The water moccasin is heavily wounded.
You feel sick. The water moccasin misses you.
The hobgoblin shouts!
You hit the water moccasin.
The water moccasin writhes in agony.
The water moccasin is severely wounded.
You feel sick. The water moccasin bites you.
You die...

#.....##......
......##..##.. #
..††..##..##.. #.
....†.....##.# ..
###.#..#.###.# .# ###
###)#.##.# #.# .# ....
.<)......###.# .#.....
###..#.......####.......
#.###.........@.......
#.# #........##S......
..# #........# ..)$...
#..# #.............$...
#...#.....#...####)....
#.#.#.......### ....?
..#.##### #.g. ..#. .#.


You could see a water moccasin and a hobgoblin.

Vanquished Creatures
  A jelly (D:3)
  An adder (D:2)
  A worm (D:2)
  3 dart slugs
  3 orcs (D:3)
  4 endoplasms
  3 giant cockroaches
  3 goblins
  9 hobgoblins
  6 jackals
  A quokka (D:1)
  8 ball pythons
  6 bats
  A frilled lizard (D:2)
  4 kobolds
  5 rats
  A spectral orc (D:3)
60 creatures vanquished.

Notes
Turn   | Place    | Note
-------+----------+-------------------------------------------
     0 | D:1      | Zonian the Vine Stalker Brigand began the quest for the
                  | Orb.
     0 | D:1      | Reached XP level 1. HP: 11/11 MP: 2/2
     1 | D:1      | Noticed a demonspawn zombie
   132 | D:1      | Reached skill level 1 in Dodging
   132 | D:1      | Reached XP level 2. HP: 13/15 MP: 3/3
   151 | D:1      | Reached skill level 5 in Stealth
   473 | D:1      | Reached XP level 3. HP: 18/18 MP: 4/4
   610 | D:2      | Identified the +4 dagger "Poarhium" {pain, Contam rC+ rN+
                  | Stlth+}
  1534 | D:3      | Gained mutation: Your natural rate of healing is unusually
                  | fast. [Vine Stalker growth]
  1534 | D:3      | Reached XP level 4. HP: 23/23 MP: 5/5
  1568 | D:3      | Reached skill level 1 in Necromancy
  1702 | D:3      | Found a basalt altar of Yredelemnul.
  2061 | D:3      | Found a shimmering altar of Xom.
  2236 | D:4      | Reached XP level 5. HP: 27/27 MP: 6/6
  2251 | D:4      | Noticed a water moccasin
  2259 | D:4      | Slain by a water moccasin

Illustrated notes

Levels and vault maps discovered:
D:1:      shiori_arrival_whats_in_store_for_you, layout_basic
D:2:      layout_basic
D:3:      layout_loops_cross, mainiacjoe_overflow_surrounded_room,
          yredelemnul_forgotten_temple_becter
D:4:      layout_rooms, lemuel_temple_firewalk_b, uniq_duvessa

Skill      XL: |  1  2  3  4 |
---------------+-------------+-----
Dodging        | 1 |  1.6
Fighting       | 2 |  2.4
Short Blades   | 2 |  2.4
Throwing       | 2 |  2.4
Stealth        | 5 |  5.4
Necromancy     | 1 |  1.2

Action                     |  1- 3 |  4- 6 || total
---------------------------+-------+-------++-------
  Melee: Dagger            |    73 |    48 ||   121
         Bite              |    12 |     9 ||    21
         Punch             |     1 |       ||     1
   Stab: Sleeping          |    18 |    10 ||    28
 Armour: Robe              |     7 |     7 ||    14
  Dodge: Dodged            |    32 |    26 ||    58
  Block: Other             |       |     6 ||     6

Table legend: (Time is in decaauts)
 A = Elapsed time spent in this place.
 B = Non-inter-level travel time spent in this place.
 C = Inter-level travel time spent in this place.
 D = Time resting spent in this place.
 E = Time spent auto-exploring this place.
 F = Levels seen in this place.
 G = Mean time per level.
                   A        B        C        D        E       F      G
               +--------+--------+--------+--------+--------+-----+--------+
         Total |   2244 |   2178 |     66 |      0 |   1768 |   4 |  561.0 |
       Dungeon |   2244 |   2178 |     66 |      0 |   1768 |   4 |  561.0 |
               +--------+--------+--------+--------+--------+-----+--------+

Top non-repeatable levels by time:
     D:2: 991 daAuts
     D:3: 686 daAuts
     D:1: 527 daAuts
     D:4: 39 daAuts
